 Dungeon Crawl Stone Soup version 0.30.1 (webtiles) character file.

Game seed: 1016095423381938391

84 LustLizard the Digger (level 4, -1/25 HPs)
             Began as a Gargoyle Earth Elementalist on July 1, 2023.
             Slain by Terence
             ... wielding a +5 mace of protection
              (10 damage)
             ... on level 2 of the Dungeon.
             The game lasted 00:03:01 (1401 turns).

LustLizard the Digger (Gargoyle Earth Elementalist) Turns: 1401, Time: 00:03:01

Health: -1/25      AC:  5    Str: 12    XL:     4   Next: 46%
Magic:  4/7        EV: 11    Int: 17    God:
Gold:   78         SH:  0    Dex: 10    Spells: 2/7 levels left

rFire   . . .        n - +2 dagger (drain)
rCold   . . .        (no shield)
rNeg    + . .        a - +0 robe
rPois   ∞            (no helmet)
rElec   +            (no cloak)
rCorr   .            (no gloves)
SInv    .            (no boots)
Will    .....        (no amulet)
Stlth   ++           (no ring)
HPRegen 0.24/turn    (no ring)
MPRegen 0.10/turn

%: no passive effects
@: no status effects
A: sickness immunity, AC +3, negative energy resistance 1, electricity
resistance, torment resistance 1, petrification resistance
a: no special abilities


You were on level 2 of the Dungeon.
You visited 1 branch of the dungeon, and saw 2 of its levels.

You collected 78 gold pieces.

Inventory:

Hand Weapons
 h - a +2 great mace of holy wrath
 n - a +2 dagger of draining (weapon)
Armour
 a - a +0 robe (worn)
Scrolls
 d - 2 scrolls of identify {unknown}
 e - 2 scrolls of teleportation {unknown}
 g - a scroll of brand weapon {unknown}
 i - a scroll of poison {unknown}
 m - a scroll of blinking {unknown}
Potions
 b - a potion of magic
 f - 2 potions of flight {unknown}
 j - a potion of might {unknown}
 k - a potion of lignification {unknown}
 l - 2 potions of attraction {unknown}


   Skills:
 + Level 1.4 Fighting
 - Level 1.5 Dodging
 + Level 3.1 Stealth
 + Level 2.4 Spellcasting
 * Level 1.3 Conjurations
 + Level 0.7 Transmutations
 * Level 4.6 Earth Magic
 + Level 0.0 Poison Magic


You had 2 spell levels left.
You knew the following spells:

 Your Spells              Type           Power      Damage    Failure   Level
a - Sandblast             Erth           34%        2d9       2%          1
b - Stone Arrow           Conj/Erth      24%        3d8       16%         3
c - Sting                 Tmut/Pois      12%        1d3       16%         1

Your spell library contained the following spells:

 Spells                   Type           Power      Damage    Failure   Level
 Passwall                 Tmut/Erth      9%         N/A       10%         2
 Petrify                  Tmut/Erth      11%        N/A       52%         4


Dungeon Overview and Level Annotations

Branches:
Dungeon (2/15)

Altars:

Annotations:
D:2 Sigmund, Terence


Innate Abilities, Weirdness & Mutations

You are immune to sickness and miasma.
Your stone body is resilient. (AC +3)
You are immune to poison.
You resist negative energy. (rN+)
You are resistant to electric shocks. (rElec)
You are resistant to unholy torment.
You are immune to petrification.


Message History

The bat is severely wounded.
The bat hits you but does no damage.
You hit the hobgoblin. You drain the hobgoblin.
The hobgoblin is almost dead.
The bat misses you. The hobgoblin hits you.
You hit the bat.
You kill the bat!
The hobgoblin barely misses you.
You closely miss the hobgoblin.
The hobgoblin is almost dead.
The hobgoblin barely misses you.
You closely miss the hobgoblin.
The hobgoblin is almost dead.
The hobgoblin barely misses you.
You hit the hobgoblin.
You kill the hobgoblin!
You hit Terence but do no damage.
Terence hits you with a +5 mace of protection.
You hit Terence but do no damage.
Terence hits you with a +5 mace of protection!
Aiming: Sandblast (safe; 2% risk of failure)
Press: ? - help, Q - select action, (/) - cycle Shift-Dir - straight line, f - Terence
Aim: Terence, wielding a +5 mace of protection and wearing a +0 scale mail (84% to hit)
The blast of sand hits Terence!
Terence is heavily wounded.
Terence completely misses you.
Terence hits you with a +5 mace of protection.
Aiming: Sandblast (safe; 2% risk of failure)
Press: ? - help, Q - select action, (/) - cycle Shift-Dir - straight line, f/p - Terence
Aim: Terence, wielding a +5 mace of protection and wearing a +0 scale mail (heavily wounded, 84% to hit)
The blast of sand hits Terence but does no damage.
Terence is heavily wounded.
Terence hits you with a +5 mace of protection.
Aiming: Sandblast (safe; 2% risk of failure)
Press: ? - help, Q - select action, (/) - cycle Shift-Dir - straight line, f/p - Terence
Aim: Terence, wielding a +5 mace of protection and wearing a +0 scale mail (heavily wounded, 84% to hit)
The blast of sand hits Terence but does no damage.
Terence is heavily wounded.
Terence hits you with a +5 mace of protection!
You die...

#..........<...##.#..
#.###..##.....###.#.#
##.####.#..#...# # #.
##...##....####.##
#......)...## #..# .##
#............# ..## #..#
#........)...# ... .....
#...........†###..##.....
##..........@@B##........
##...##...###...........
########## ###.........
#......... #.........
#..>....... ..........#.
.............
..g...........#


You could see Terence and a giant cockroach.

Vanquished Creatures
  Natasha (D:2)
  An adder (D:2)
  3 dart slugs
  4 endoplasms
  2 giant cockroaches (D:1)
  2 goblins
  6 hobgoblins
  4 jackals (D:2)
  A quokka (D:2)
  4 bats
  3 frilled lizards (D:1)
  4 kobolds
  8 rats (D:1)
43 creatures vanquished.

Notes
Turn   | Place    | Note
-------+----------+-------------------------------------------
     0 | D:1      | LustLizard the Gargoyle Earth Elementalist began the quest
                  | for the Orb.
     0 | D:1      | Reached XP level 1. HP: 10/10 MP: 3/3
    90 | D:1      | Reached XP level 2. HP: 16/16 MP: 1/5
   246 | D:1      | Reached skill level 4 in Earth Magic
   457 | D:1      | Reached skill level 1 in Fighting
   550 | D:1      | Reached XP level 3. HP: 19/20 MP: 6/6
   566 | D:1      | Learned a level 3 spell: Stone Arrow
   862 | D:2      | Noticed Natasha
   870 | D:2      | Killed Natasha
   871 | D:2      | Reached skill level 1 in Conjurations
   914 | D:2      | Reached XP level 4. HP: 25/25 MP: 3/7
   979 | D:2      | Noticed Sigmund
  1032 | D:2      | Found a faded altar of an unknown god.
  1033 | D:2      | Noticed Terence
  1304 | D:2      | Got Plato's Lectures on Corruption
  1307 | D:2      | Learned a level 1 spell: Sting
  1401 | D:2      | Slain by Terence

Illustrated notes

Levels and vault maps discovered:
D:1:      dpeg_arrival_ratfight, layout_basic
D:2:      layout_rooms, shapermc_ecumenical_altar_rom_forum,
          guppyfry_early_lair_pool, uniq_terence, uniq_natasha, uniq_sigmund

Skill      XL: |  1  2  3  4 |
---------------+-------------+-----
Earth Magic    | 4 |  4.6
Fighting       | 1 |  1.4
Conjurations   | 1 |  1.3
Stealth        | 3 |  3.1
Dodging        | |  1.5
Spellcasting   | |  2.4
Transmutations | |  0.7

Action                     |  1- 3 |  4- 6 || total
---------------------------+-------+-------++-------
  Melee: Hand axe          |     8 |     3 ||    11
         Dagger            |       |    10 ||    10
   Cast: Sandblast         |    40 |    19 ||    59
 Armour: Robe              |    10 |     5 ||    15
  Dodge: Dodged            |    10 |    15 ||    25
